 Dungeon Crawl Stone Soup version 0.16.1-16-gc44b35d (webtiles) character file.

54 CcS the Insei (level 3, -1/29 HPs)
             Began as a Demonspawn Monk on May 7, 2015.
             Incinerated by CcS's ghost (4 damage)
             ... with a sticky flame
             ... on level 3 of the Dungeon.
             The game lasted 00:02:39 (1792 turns).

CcS the Insei (Demonspawn Monk)                     Turns: 1792, Time: 00:02:39

Health: -1/29      AC:  3    Str: 11    XL:     3   Next: 66%
Magic:  3/3        EV: 12    Int: 11    God:
Gold:   101        SH:  0    Dex: 16    Spells: 0 memorised, 2 levels left

rFire  . . .     SeeInvis .       - Unarmed
rCold  . . .     Clarity  .     h - +0 leather armour
rNeg   . . .     SustAb   .     (no shield)
rPois  .         Gourm    .     (helmet restricted)
rElec  .         Spirit   .     (no cloak)
rCorr  .         Warding  .     (no gloves)
rMut   .         Stasis   .     (no boots)
MR     .....                    (no amulet)
Stlth  +.........               (no ring)
                                (no ring)

@: liquid flames, glowing, not resistant to hostile enchantments, very
unstealthy
A: antennae 1, nightstalker 1
a: no special abilities


You were on level 3 of the Dungeon.
You were not hungry.

You visited 1 branch of the dungeon, and saw 3 of its levels.

You collected 101 gold pieces.

Inventory:

Armour
 a - a +0 robe
 h - a +0 leather armour (worn)
Scrolls
 c - a scroll of amnesia {unknown}
 f - a scroll of blinking {unknown}
 g - 3 scrolls of identify {unknown}
 i - a scroll of enchant armour {unknown}
 k - a scroll of remove curse {unknown}
Potions
 e - a potion of cancellation
 l - a potion of restore abilities {unknown}
 m - a potion of agility {unknown}
Comestibles
 b - 3 bread rations
 d - 3 meat rations
 j - a beef jerky


   Skills:
 - Level 3.0 Fighting
 - Level 2.6 Dodging
 - Level 1.7 Stealth
 + Level 4.9 Unarmed Combat


You had 2 spell levels left.
You didn't know any spells.

Dungeon Overview and Level Annotations

Branches:
Dungeon (3/15)

Altars:
Cheibriados
Elyvilon
Gozag
Kikubaaqudgha
Trog

Annotations:
D:3 CcS's ghost, average DEFE


Innate Abilities, Weirdness & Mutations

You have a pair of small antennae on your head.
You are slightly more attuned to the shadows.


Message History

You closely miss CcS's ghost.
CcS's ghost is heavily damaged.
CcS's ghost sprays you with burning goo.
The sticky flame hits you!
You are covered in liquid flames!
You barely miss CcS's ghost.
CcS's ghost is heavily damaged.
You are covered in liquid flames!
CcS's ghost hits you.
You hit CcS's ghost but do no damage.
CcS's ghost is heavily damaged.
You are covered in liquid flames!
CcS's ghost sprays you with burning goo.
The sticky flame hits you!
You are covered in liquid flames!
* * * LOW HITPOINT WARNING * * *
Drink which item? (? for menu, Esc to quit)
It was a potion of cancellation.
You feel magically purged.
You are covered in liquid flames!
You die...

..# #...### .......... .
. ......... . ...
.....). . ... #....#
###.. #..W.# ....#
#..@.# ##..# # # #....#
##..##.# #.#....##.##
...)...# #..........#
##..###########.##.....#
..........#####.#.......
....#####...............
###.#####.#####.#......
#.##....# #........


You could see CcS's ghost.

Vanquished Creatures
  An adder (D:2)
  2 worms (D:2)
  An ooze (D:1)
  2 giant cockroaches
  6 goblins
  5 hobgoblins
  2 quokkas (D:2)
  4 bats (D:1)
  6 giant newts
  4 kobolds
  2 rats
35 creatures vanquished.

Notes
Turn   | Place    | Note
--------------------------------------------------------------
     0 | D:1      | CcS, the Demonspawn Monk, began the quest for the Orb.
     0 | D:1      | Reached XP level 1. HP: 18/18 MP: 1/1
   136 | D:1      | Reached skill level 4 in Unarmed Combat
   197 | D:1      | Gained mutation: You have a pair of small antennae on your head. [demonic ancestry]
   197 | D:1      | Reached XP level 2. HP: 16/24 MP: 2/2
   973 | D:2      | Gained mutation: You are slightly more attuned to the shadows. [demonic ancestry]
   973 | D:2      | Reached XP level 3. HP: 25/29 MP: 3/3
  1234 | D:2      | Found an ancient bone altar of Kikubaaqudgha.
  1238 | D:2      | Found a snail-covered altar of Cheibriados.
  1247 | D:2      | Found a white marble altar of Elyvilon.
  1263 | D:2      | Found an opulent altar of Gozag.
  1276 | D:2      | Found a bloodstained altar of Trog.
  1779 | D:3      | Noticed CcS's ghost (average DEFE)
  1792 | D:3      | Incinerated by CcS's ghost

Action                   || total
-------------------------++-------
Melee: Unarmed           ||   143
  Use: Potion            ||     1
 Stab: Sleeping          ||     5
  Eat: Chunk             ||     3
